 Dungeon Crawl Stone Soup version 0.32-a0-814-g0968bab981 (webtiles) character file.

Game seed: 12028528362229973470

3702 zenocrate the Geomancer (level 10, 0/84 HPs)
             Began as an Octopode Earth Elementalist on Mar 23, 2024.
             Was an Initiate of Gozag.
             Succumbed to a wight's poison
             ... on level 7 of the Dungeon.
             The game lasted 00:08:31 (7886 turns).

zenocrate the Geomancer (OpEE)                      Turns: 7886, Time: 00:08:32

Health: 0/84       AC: 29    Str:  7    XL:     10   Next: 13%
Magic:  3/20       EV:  2    Int: 21    God:    Gozag
Gold:   143        SH:  0    Dex: 14    Spells: 9/22 levels left

rFire   . . .        a - staff of conjuration
rCold   . . .        (no shield)
rNeg    + . .        f - melded +1 hat
rPois   +            (no amulet)
rElec   .            b - +4 ring of protection
rCorr   +            j - ring of positive energy
SInv    .            y - ring of resist corrosion
Will    .....        (no ring)
Stlth   ++           (no ring)
HPRegen 0.34/turn    (no ring)
MPRegen 0.17/turn    (no ring)
                     (no ring)

%: no passive effects
@: lethally poisoned (0 -> -18), tree-form, gold aura
A: stationary, stasis, torment immunity, boosted hp, almost no armour,
(amphibious), 8 rings, (camouflage 1), (gelatinous body 1), (nimble swimmer 1),
(tentacles)
a: Renounce Religion, Potion Petition, Call Merchant, Bribe Branch


You were on level 7 of the Dungeon.
You worshipped Gozag.
Gozag was aware of your devotion.
You were a tree.
You visited 2 branches of the dungeon, and saw 8 of its levels.

You collected 806 gold pieces.
You spent 600 gold pieces at shops.
You paid 63 gold pieces to Gozag.

Inventory:

Armour
 f - a +1 hat (melded)
 q - a +0 kite shield
Magical Staves
 a - a staff of conjuration (weapon)
 o - a staff of alchemy
Jewellery
 b - a +4 ring of protection (left branch)
 j - a ring of positive energy (right branch)
 y - a ring of resist corrosion (on tentacle)
Talismans
 C - a beast talisman
Wands
 c - a wand of charming (8)
 w - a wand of warping (10)
Scrolls
 e - 3 scrolls of torment
 g - 3 scrolls of vulnerability {unknown}
 i - 3 scrolls of teleportation
 k - 2 scrolls of blinking
 n - a scroll of enchant weapon {unknown}
 p - a scroll of fog {unknown}
 r - 2 scrolls of amnesia {unknown}
 u - a scroll of enchant armour {unknown}
 B - a scroll of acquirement {unknown}
Potions
 h - 3 potions of haste
 l - a potion of enlightenment
 m - 4 potions of lignification
 s - 2 potions of mutation
 t - a potion of cancellation
 v - 2 potions of ambrosia {unknown}
 x - 2 potions of might {unknown}
 z - 3 potions of attraction {unknown}
Miscellaneous
 A - a condenser vane


   Skills:
 - Level 3.2 Dodging
 - Level 2.6 Stealth
 + Level 4.9 Unarmed Combat
 + Level 6.8 Spellcasting
 - Level 6.9 Conjurations
 + Level 8.0 Earth Magic
 + Level 1.9 Alchemy
 - Level 3.4 Evocations


You had 9 spell levels left.
You knew the following spells:

 Your Spells              Type           Power      Damage    Failure   Level
a - Stone Arrow           Conj/Erth      100%       3d13      1%          3
b - Petrify               Alch/Erth      28%        N/A       12%         4
c - Sandblast             Erth           82%        2d17      1%          1
x - Blink                 Tloc           14%        N/A       14%         2
z - Passwall              Erth           41%        N/A       1%          3

Your spell library contained the following spells:

 Spells                   Type           Power      Damage    Failure   Level
 Shock                    Conj/Air       100%       1d9       2%          1
 Momentum Strike          Conj/Tloc      64%        3d9       3%          2
 Brom's Barrelling Bould  Conj/Erth      55%        2d7       4%          4
 Lesser Beckoning         Tloc           14%        N/A       14%         2
 Swiftness                Air            7%         N/A       26%         3
 Airstrike                Air            3%         2d(1-17)  65%         4


Dungeon Overview and Level Annotations

Branches:
Dungeon (7/15)             Temple (1/1) D:6

Altars:
Ashenzari
Cheibriados
Dithmenos
Elyvilon
Fedhas
Gozag
Hepliaklqana
Kikubaaqudgha
Makhleb
Nemelex Xobeh
Okawaru
Qazlal
Ru
Sif Muna
Trog
Uskayaw
Vehumet
Wu Jian
Xom
Yredelemnul
Zin
The Shining One

Shops:
D:7 *


Innate Abilities, Weirdness & Mutations

You are a tree.
Your roots penetrate the ground, keeping you stationary.
You cannot be teleported.
You are immune to unholy pain and torment.
Your maximum health is greatly increased.
You cannot wear most types of armour.
((You are amphibious.))
You can wear up to eight rings at the same time.
((Your skin changes colour to match your surroundings (Stealth+).))
((Your rubbery body absorbs attacks. (AC +1, EV +1)))
((You are camouflaged when in or above water. (Stealth+)))
((You have tentacles for arms and can constrict up to eight enemies at once.))


Message History

You are more poisoned.
The wight misses you.
You hit the wight but do no damage. You grab the wight. You squeeze the wight!
The wight is moderately damaged.
You constrict the wight, but do no damage.
You constrict the wight!
You feel very sick.
The wight hits you with a +2 halberd of venom.
* * * LOW HITPOINT WARNING * * *
You are more poisoned.
The wight closely misses you. x2; The wight hits you with a +0 dagger.
* * * LOW HITPOINT WARNING * * *
You partially resist.
You feel drained.
* * * LOW HITPOINT WARNING * * *
Unknown command.
Unknown command.
You feel better.
You constrict the wight. x2
You destroy the wight!
The wight hits you with a +2 halberd of venom!
* * * LOW HITPOINT WARNING * * *
You are lethally poisoned!
Your life force feels restored.
Unknown command.
You turn into a tree.
Your +1 hat melds into your body.
Your roots penetrate the ground.
You lose your grip on the wight.
* * * LOW HITPOINT WARNING * * *
You feel very sick. The wight hits you but does no damage.
You are more poisoned.
Unknown command.
Unknown command.
Casting: Stone Arrow (safe; 1% risk of failure)
Confirm with . or Enter, or press ? or * to list all spells.
Aiming: Stone Arrow (safe; 1% risk of failure)
Press: ? - help, Shift-Dir - straight line, f/p - wight
Aim: a wight, wielding a +2 halberd of venom and wearing a +0 robe (severely damaged, 78% to hit)
You feel a surge of power!
The stone arrow hits the wight!!
You destroy the wight!
You die...
Your body crumbles into a pile of gold.

...#.........#
...#.........#......
...#.........#......
...#.....(...#.....
...#.........#.....
...###..###..##..#
######..###..##..# .
.........'......$# ...
.........#....$.♣#.....
.........#.......$......
#...##...##....###......
###########....# .....#
.....# #..$.# ....#
.....# #...)# ....#
.....+ #....# ...#
.....# #....# ...# ....#
######..#


There were no monsters in sight!

Vanquished Creatures
  Maurice (D:7)
  Grinder (D:4)
  Sigmund (D:2)
  4 yaks (D:6)
  2 water moccasins
  2 ice beasts
  A sky beast (D:7)
  2 black bears
  A centaur (D:7)
  2 phantoms
  2 scorpions
  7 wights (D:7)
  4 howler monkeys
  3 bombardier beetles
  5 orc priests
  5 hounds
  4 jellies
  A sleepcap (D:5)
  3 orc wizards
  10 gnolls
  8 adders
  2 ufetubi (D:5)
  A dart slug (D:5)
  17 orcs
  3 endoplasms
  2 giant cockroaches
  9 goblins
  4 hobgoblins
  8 jackals
  10 kobolds
  2 quokkas
  6 ball pythons
  6 bats
  3 frilled lizards
  5 rats
147 creatures vanquished.

Notes
Turn   | Place    | Note
-------+----------+-------------------------------------------
     0 | D:1      | zenocrate the Octopode Earth Elementalist began the quest
                  | for the Orb.
     0 | D:1      | Reached XP level 1. HP: 11/11 MP: 3/3
    15 | D:1      | Reached XP level 2. HP: 17/17 MP: 1/5
   508 | D:1      | Reached XP level 3. HP: 21/21 MP: 3/6
   837 | D:1      | Learned a level 3 spell: Stone Arrow
   927 | D:2      | Reached XP level 4. HP: 27/27 MP: 4/7
  1091 | D:2      | Found a hazy altar of Hepliaklqana.
  1149 | D:2      | Learned a level 3 spell: Passwall
  1266 | D:2      | Noticed Sigmund
  1273 | D:2      | Killed Sigmund
  1274 | D:2      | Reached skill level 4 in Earth Magic
  1274 | D:2      | Reached XP level 5. HP: 7/31 MP: 4/9
  1274 | D:2      | Reached XP level 6. HP: 8/36 MP: 4/10
  2274 | D:3      | Found a hide-covered altar of Uskayaw.
  2276 | D:3      | Identified the +2 ring mail "Kaiq" {Fly rPois rC+}
  2569 | D:3      | Learned a level 2 spell: Blink
  2878 | D:4      | Reached skill level 1 in Unarmed Combat
  2971 | D:4      | You fall into a shaft and drop 1 floor!
  2971 | D:5      | Entered Level 5 of the Dungeon
  3017 | D:5      | Reached XP level 7. HP: 41/41 MP: 5/12
  3236 | D:5      | Found an opulent altar of Gozag.
  3246 | D:5      | Became a worshipper of Gozag Ym Sagoz the Greedy
  3294 | D:5      | Reached skill level 5 in Earth Magic
  3838 | D:4      | Reached XP level 8. HP: 46/46 MP: 14/14
  3981 | D:4      | Noticed Grinder
  3986 | D:4      | Killed Grinder
  4403 | D:4      | Reached skill level 6 in Earth Magic
  4963 | D:5      | Reached skill level 5 in Spellcasting
  4963 | D:5      | Reached skill level 5 in Conjurations
  4963 | D:5      | Reached skill level 1 in Evocations
  5825 | D:6      | Reached XP level 9. HP: 12/51 MP: 0/17
  6227 | D:6      | Reached skill level 7 in Earth Magic
  6339 | D:6      | Found a staircase to the Ecumenical Temple.
  6928 | Temple   | Entered the Ecumenical Temple
  7010 | D:7      | Noticed Maurice
  7018 | D:7      | Maurice stole a staff of alchemy
  7020 | D:7      | Maurice stole a +0 kite shield
  7029 | D:7      | Maurice stole 432 gold
  7032 | D:7      | Maurice stole 157 gold
  7033 | D:7      | Killed Maurice
  7573 | D:7      | Found Neacs's Gadget Gallery.
  7584 | D:7      | Bought a condenser vane for 600 gold pieces
  7589 | D:7      | Learned a level 4 spell: Petrify
  7642 | D:7      | Reached XP level 10. HP: 56/56 MP: 9/20
  7754 | D:7      | Reached skill level 1 in Alchemy
  7820 | D:7      | Reached skill level 8 in Earth Magic
  7885 | D:7      | HP: 4/84 [poisoned by a wight]
  7886 | D:7      | Succumbed to a wight's poison

Illustrated notes

Levels and vault maps discovered:
D:1:      lightli_molten_gateway, layout_basic
D:2:      layout_basic, basic_altar, uniq_sigmund
D:3:      layout_loops_ring, nicolae_overflow_crystal_walls, st_stairs_12,
          minmay_fractal_squares_gapless_5
D:4:      layout_loops_corners, uniq_grinder
D:5:      layout_gridville, lemuel_round_altar
D:6:      layout_basic, temple_hall, minmay_misc_feat_rows
D:7:      layout_gridville, nicolae_shop_gadgets, uniq_maurice
Temple:   mainiacjoe_temple_cubbyholes

Skill      XL: |  1  2  3  4  5  6  7  8  9 10 |
---------------+-------------------------------+-----
Conjurations   | 2 3 4 5 6 |  6.9
Dodging        | 3 |  3.2
Spellcasting   | 3 4 5 6 |  6.8
Earth Magic    | 4 5 6 7 8 |  8.0
Unarmed Combat | 1 3 4 |  4.9
Evocations     | 2 3 |  3.4
Alchemy        | 1 |  1.9
Stealth        | |  2.6

Action                     |  1- 3 |  4- 6 |  7- 9 | 10-12 || total
---------------------------+-------+-------+-------+-------++-------
  Melee: Dagger            |     4 |       |       |       ||     4
         Constrict         |    14 |    12 |    17 |     3 ||    46
         Unarmed           |     3 |       |       |       ||     3
         Tentacles         |     8 |     9 |    19 |     3 ||    39
         Spear             |    27 |       |       |       ||    27
         Staff             |       |    42 |    91 |    10 ||   143
   Cast: Sandblast         |    18 |    31 |       |       ||    49
         Stone Arrow       |       |     2 |    91 |    12 ||   105
    Use: Scroll            |       |     1 |     8 |     1 ||    10
         Potion            |       |       |     2 |     2 ||     4
   Stab: Sleeping          |     2 |     2 |     1 |       ||     5
         Distracted        |     1 |       |       |       ||     1
 Armour: Skin              |     7 |    27 |    84 |    11 ||   129
  Dodge: Dodged            |    14 |    30 |    75 |    13 ||   132

Table legend: (Time is in decaauts)
 A = Elapsed time spent in this place.
 B = Non-inter-level travel time spent in this place.
 C = Inter-level travel time spent in this place.
 D = Time resting spent in this place.
 E = Time spent auto-exploring this place.
 F = Levels seen in this place.
 G = Mean time per level.
                   A        B        C        D        E       F      G
               +--------+--------+--------+--------+--------+-----+--------+
         Total |   7937 |   7685 |    252 |     75 |   6616 |   8 |  992.1 |
       Dungeon |   7935 |   7683 |    252 |     75 |   6616 |   7 | 1133.6 |
        Temple |      1 |      1 |      0 |      0 |      0 |   1 |    1.0 |
               +--------+--------+--------+--------+--------+-----+--------+

Top non-repeatable levels by time:
     D:6: 1556 daAuts
     D:5: 1362 daAuts
     D:4: 1249 daAuts
     D:2: 1161 daAuts
     D:7: 916 daAuts
     D:1: 846 daAuts
     D:3: 842 daAuts
  Temple: 1 daAuts
